 Dungeon Crawl Stone Soup version 0.21-a0-94-gdd6ab6a (webtiles) character file.

60786 Ordine the Thaumaturge (level 14, -2/83 HPs)
             Began as a Deep Elf Wizard on July 3, 2017.
             Was a High Priest of Vehumet.
             Slain by an azure jelly (6 damage)
             ... on level 6 of the Lair of Beasts.
             The game lasted 01:41:11 (27866 turns).

Ordine the Thaumaturge (Deep Elf Wizard)           Turns: 27866, Time: 01:41:13

Health: -2/83      AC: 13    Str:  8    XL:     14   Next: 58%
Magic:  0/31       EV: 18    Int: 29    God:    Vehumet [*****.]
Gold:   1169       SH:  0    Dex: 13    Spells: 8/35 levels left

rFire    . . .     SeeInvis .   z - +9 quick blade (vamp)
rCold    . . .     Gourm    .   (no shield)
rNeg     . . .     Faith    .   I - +0 steam dragon scales
rPois    .         Spirit   .   Q - +2 helmet
rElec    .         Reflect  .   A - +2 cloak
rCorr    .         Harm     .   g - +0 pair of gloves
MR       +....                  (no boots)
Stlth    +++.......             f - amulet of regeneration
HPRegen  0.63/turn              y - +4 ring of strength
MPRegen  0.22/turn              R - +1 ring of slaying

@: very slightly contaminated
A: no striking features
a: Renounce Religion


You were on level 6 of the Lair of Beasts.
You worshipped Vehumet.
Vehumet was extremely pleased with you.
You were not hungry.

You visited 3 branches of the dungeon, and saw 19 of its levels.

You collected 1169 gold pieces.

Inventory:

Hand Weapons
 z - a +9 vampiric quick blade (weapon)
Armour
 g - a +0 pair of gloves (worn)
 A - a +2 cloak (worn)
 I - +0 steam dragon scales (worn)
 Q - a +2 helmet (worn)
Jewellery
 f - an amulet of regeneration (around neck)
 y - a +4 ring of strength (left hand)
 K - an uncursed ring of flight
 L - an uncursed ring of see invisible
 R - a +1 ring of slaying (right hand)
Wands
 p - a wand of disintegration (7/24)
 q - a wand of lightning (6/15)
 t - a wand of iceblast (4/15)
Scrolls
 k - 6 scrolls of remove curse
 l - 4 scrolls of recharging
 o - a scroll of teleportation
 v - 2 scrolls of immolation
 w - 2 scrolls of blinking
 B - a scroll of amnesia
 M - a scroll of enchant armour
 N - a scroll of fear
 V - 2 scrolls of vulnerability
Potions
 e - 11 potions of curing
 h - 3 potions of magic
 i - 6 potions of heal wounds
 j - a potion of might
 m - a potion of cancellation
 n - 4 potions of brilliance
 r - a potion of invisibility
 u - 2 potions of flight
 C - 5 potions of agility
 J - 5 potions of ambrosia
 S - a potion of mutation {unknown}
 U - a potion of degeneration {unknown}
 W - a potion of resistance {unknown}
 X - a potion of haste {unknown}
Books
 a - a Young Poisoner's Handbook

   Spells                             Type                      Level
   a - Sting                          Conjuration/Poison           1
   b - Poisonous Vapours              Poison/Air                   2
   c - Mephitic Cloud                 Conjuration/Poison/Air       3
   d - Olgreb's Toxic Radiance        Poison                       4
   e - Venom Bolt                     Conjuration/Poison           5
 c - a book of Minor Magic

   Spells                             Type                      Level
   a - Magic Dart                     Conjuration                  1
   b - Blink                          Translocation                2
   c - Call Imp                       Summoning                    2
   d - Slow                           Hexes                        2
   e - Conjure Flame                  Conjuration/Fire             3
   f - Mephitic Cloud                 Conjuration/Poison/Air       3
 D - a book of Frost

   Spells                             Type                      Level
   a - Freeze                         Ice                          1
   b - Throw Frost                    Conjuration/Ice              2
   c - Ozocubu's Armour               Charms/Ice                   3
   d - Throw Icicle                   Conjuration/Ice              4
   e - Summon Ice Beast               Ice/Summoning                4
 F - a book of Death

   Spells                             Type                      Level
   a - Corpse Rot                     Necromancy                   2
   b - Sublimation of Blood           Necromancy                   2
   c - Agony                          Necromancy                   5
   d - Dispel Undead                  Necromancy                   5
   e - Excruciating Wounds            Charms/Necromancy            5
   f - Bolt of Draining               Conjuration/Necromancy       5
 G - a book of Callings

   Spells                             Type                      Level
   a - Summon Small Mammal            Summoning                    1
   b - Call Imp                       Summoning                    2
   c - Call Canine Familiar           Summoning                    3
   d - Summon Guardian Golem          Hexes/Summoning              3
   e - Summon Lightning Spire         Summoning/Air                4
   f - Summon Ice Beast               Ice/Summoning                4
 H - a book of Changes

   Spells                             Type                      Level
   a - Beastly Appendage              Transmutation                1
   b - Sticks to Snakes               Transmutation                2
   c - Spider Form                    Transmutation/Poison         3
   d - Ice Form                       Ice/Transmutation            4
   e - Blade Hands                    Transmutation                5
 T - a book of Necromancy

   Spells                             Type                      Level
   a - Pain                           Necromancy                   1
   b - Animate Skeleton               Necromancy                   1
   c - Vampiric Draining              Necromancy                   3
   d - Regeneration                   Charms/Necromancy            3
   e - Animate Dead                   Necromancy                   4
   f - Control Undead                 Necromancy                   4
Miscellaneous
 E - a crystal ball of energy
 O - a lightning rod (4/4)
Comestibles
 b - 28 fruits
 d - 9 bread rations
 s - 11 meat rations
 x - 18 royal jellies


   Skills:
 + Level 7.6 Fighting
 - Level 11.0 Short Blades
 - Level 5.0 Armour
 - Level 10.0 Dodging
 - Level 5.0 Stealth
 + Level 11.1 Spellcasting
 - Level 9.0 Conjurations
   Level 1.1 Summonings
 - Level 4.0 Translocations
 - Level 5.0 Fire Magic
 - Level 8.0 Ice Magic
 - Level 3.0 Air Magic
 * Level 7.8 Earth Magic
 * Level 10.8 Evocations


You had 8 spell levels left.
You knew the following spells:

 Your Spells              Type           Power        Failure   Level  Hunger
a - Throw Icicle          Conj/Ice       ######..     1%          4    None
b - Blink                 Tloc           N/A          1%          2    None
c - Conjure Flame         Conj/Fire      ######..     1%          3    None
d - Mephitic Cloud        Conj/Pois/Air  #####...     1%          3    None
e - Iron Shot             Conj/Erth      ######....   4%          6    #####..
f - Sticky Flame          Conj/Fire      ######..     1%          4    None
g - Irradiate             Conj/Tmut      #####.....   4%          5    ###....


Dungeon Overview and Level Annotations

Branches:
Dungeon (12/15)            Temple (1/1) D:5            Lair (6/6) D:11
 Shoals (0/4) Lair:3       Spider (0/4) Lair:2        Slime (0/5) Lair:6
    Orc: D:9-12

Altars:
Ashenzari
Cheibriados
Dithmenos
Elyvilon
Fedhas
Gozag
Hepliaklqana
Kikubaaqudgha
Makhleb
Nemelex Xobeh
Okawaru
Qazlal
Ru
Sif Muna
Trog
Uskayaw
Vehumet
Wu Jian
Xom
Yredelemnul
Zin
The Shining One
Jiyva

Shops:
D:6 }

Annotations:
D:11 1 runed door


Message History

Aiming: Iron Shot
Press: ? - help, Shift-Dir - straight line, f/p - azure jelly
Aim: an azure jelly (moderately wounded)
The iron shot hits the azure jelly.
The azure jelly is severely wounded.
The azure jelly hits you but does no damage. x2
The azure jelly misses you. The azure jelly barely misses you.
You completely miss the azure jelly.
The azure jelly is severely wounded.
The azure jelly hits you. The azure jelly freezes you!!
The azure jelly closely misses you. The azure jelly hits you. x2
You hit the azure jelly.
You feel better.
The azure jelly is severely wounded.
You hit the azure jelly but do no damage.
The azure jelly is severely wounded.
The azure jelly barely misses you. The azure jelly hits you!
The azure jelly freezes you!!
* * * LOW HITPOINT WARNING * * *
The azure jelly hits you.
You die...

#....########..≈≈≈≈≈≈≈≈P≈≈≈≈≈
##..##....##...≈≈≈≈≈≈≈P≈≈≈≈≈≈
##..............##≈#########**
#..............≈##≈#≈≈8#8≈≈≈≈≈
#...............≈≈≈P≈≈≈#≈≈≈≈≈≈
##.........(...≈≈≈≈.≈≈≈#≈≈≈≈≈≈
#P.............#.≈#≈≈≈#≈≈≈≈≈≈
###.............##≈#≈≈≈≈≈≈≈[≈≈
#.....#...##.@..≈≈≈≈P≈≈≈≈≈≈(≈≈
###.########.J..≈≈≈≈≈≈≈≈≈≈≈:≈≈
##....#P..##P...##≈#≈≈≈≈≈P≈[≈≈
#.P.......###....#≈#≈≈≈#≈≈≈≈≈≈
#..PPP#...#.#...≈≈≈#≈≈≈#≈≈P≈≈*
##...P##...##..≈≈≈≈≈≈≈≈#≈≈≈#*≈
#..P###..#....≈##≈.≈≈,*8≈≈≈≈≈
#...##.+÷..†...#.≈########.,,
##P.....÷.......≈≈≈≈≈≈≈≈≈≈≈≈≈≈


You could see an azure jelly.

Vanquished Creatures
  Kirke (Lair:5)
  4 hydras
  Erica (D:10)
  3 two-headed ogres
  2 ogre magi (D:11)
  6 death yaks
  Urug (D:10)
  A sea snake (Lair:6)
  3 ugly things
  2 oklob plants (Lair:2)
  A cyclops (D:11)
  3 manticores
  An elephant (Lair:6)
  3 black mambas
  Psyche (D:10)
  16 spiny frogs
  A torpor snail (Lair:4)
  8 komodo dragons
  A yaktaur (D:11)
  7 rime drakes
  A demonic crawler (Lair:2)
  A tengu conjurer (D:11)
  3 hornets (Lair:6)
  A queen bee (Lair:2)
  A troll (D:11)
  11 hippogriffs
  4 polar bears
  9 blink frogs
  7 dream sheep (Lair:6)
  A shadow (D:11)
  A wraith (D:8)
  2 wyverns
  Eustachio (D:4)
  6 hogs
  Grum (D:9)
  47 yaks
  A hungry ghost (D:11)
  A human (D:9)
  6 basilisks
  4 steam dragons
  3 vampire mosquitoes (D:11)
  2 soldier ants (D:11)
  An acid dragon (Lair:6)
  13 water moccasins
  3 orc warriors
  12 porcupines
  3 ice beasts
  A phantom (D:10)
  9 sky beasts
  7 ogres
  2 black bears
  32 wolves
  A necrophage (D:11)
  20 centaurs
  21 crocodiles
  2 big kobolds
  13 bullfrogs
  2 wyvern zombies
  10 scorpions
  29 killer bees
  6 wights (D:7)
  An electric eel (Lair:1)
  2 howler monkeys
  6 crimson imps
  A quasit (D:11)
  2 bullfrog zombies
  6 hounds
  5 orc priests
  4 jellies
  5 centaur skeletons
  6 bullfrog skeletons
  3 iguanas
  15 orc wizards
  A hell rat (Lair:2)
  13 worker ants
  A hound zombie (D:11)
  A hound skeleton (D:11)
  A mummy (D:7)
  Robin (D:4)
  A howler monkey skeleton (D:11)
  14 adders
  4 shadow imps
  2 adder skeletons
  2 worms
  3 dart slugs
  6 leopard geckos
  29 orcs
  9 bats
  4 giant cockroaches
  19 goblins
  9 hobgoblins
  8 jackals
  15 kobolds
  8 quokkas
  2 frilled lizards
  A quokka skeleton (D:8)
  A quokka zombie (D:6)
  5 rats
583 creatures vanquished.

Vanquished Creatures (collateral kills)
  A fungus (Lair:2)
1 creature vanquished.

Vanquished Creatures (others)
  2 humans (Lair:6)
  14 fungi
  11 plants
27 creatures vanquished.

Grand Total: 611 creatures vanquished

Notes
Turn   | Place    | Note
-------+----------+-------------------------------------------
     0 | D:1      | Ordine the Deep Elf Wizard began the quest for the Orb.
     0 | D:1      | Reached XP level 1. HP: 10/10 MP: 7/7
   100 | D:1      | Reached XP level 2. HP: 15/15 MP: 2/9
   111 | D:1      | Learned a level 2 spell: Blink
   566 | D:1      | Reached XP level 3. HP: 19/19 MP: 4/11
   571 | D:1      | Learned a level 3 spell: Conjure Flame
   575 | D:1      | Learned a level 3 spell: Mephitic Cloud
  1914 | D:3      | Reached skill level 1 in Short Blades
  1914 | D:3      | Reached skill level 5 in Spellcasting
  1914 | D:3      | Reached XP level 4. HP: 9/24 MP: 0/13
  2222 | D:3      | Reached XP level 5. HP: 26/28 MP: 3/14
  2855 | D:4      | Noticed Eustachio
  3074 | D:4      | Noticed Robin
  3104 | D:4      | Reached XP level 6. HP: 32/32 MP: 8/16
  3106 | D:4      | Killed Robin
  3233 | D:4      | Found an opulent altar of Gozag.
  3480 | D:4      | Reached XP level 7. HP: 36/36 MP: 5/18
  3779 | D:4      | Reached skill level 5 in Conjurations
  3885 | D:4      | Killed Eustachio
  3885 | D:4      | Reached skill level 5 in Stealth
  4481 | D:4      | Found a basalt altar of Yredelemnul.
  5166 | D:5      | Entered Level 5 of the Dungeon
  5225 | D:5      | Reached XP level 8. HP: 40/41 MP: 19/19
  5289 | D:5      | Reached skill level 1 in Armour
  5568 | D:5      | Found a staircase to the Ecumenical Temple.
  5575 | Temple   | Entered the Ecumenical Temple
  5581 | Temple   | Became a worshipper of Vehumet
  5852 | D:5      | Reached skill level 1 in Air Magic
  6022 | D:6      | Found Wanotegh's Gadget Shop.
  6063 | D:6      | Reached skill level 1 in Fire Magic
  6255 | D:6      | Reached skill level 5 in Short Blades
  7308 | D:7      | Reached skill level 5 in Dodging
  7359 | D:7      | Reached XP level 9. HP: 22/45 MP: 13/20
  7876 | D:7      | Identified a scroll of acquirement
  8203 | D:7      | Found a snail-covered altar of Cheibriados.
  8272 | D:7      | Reached * piety under Vehumet
  8272 | D:7      | Offered knowledge of Flame Tongue by Vehumet.
  9080 | D:8      | Noticed a brown ugly thing
  9119 | D:7      | Killed a brown ugly thing
  9172 | D:8      | Learned a level 4 spell: Throw Icicle
  9259 | D:8      | Found a large runed door.
  9259 | D:8      | Found a large runed door.
  9278 | D:8      | Found a large runed door.
  9278 | D:8      | Found a large runed door.
  9285 | D:8      | Noticed a two-headed ogre
  9554 | D:8      | Reached XP level 10. HP: 50/50 MP: 20/21
  9594 | D:8      | Killed a two-headed ogre
  9683 | D:8      | Noticed a two-headed ogre
  9691 | D:8      | Killed a two-headed ogre
  9691 | D:8      | Reached skill level 10 in Short Blades
  9905 | D:8      | Reached skill level 1 in Ice Magic
  9950 | D:8      | Reached ** piety under Vehumet
  9950 | D:8      | Offered knowledge of Throw Flame by Vehumet.
 10114 | D:8      | Found a burning altar of Makhleb.
 10237 | D:8      | Got a crystal mace
 10449 | D:9      | Reached skill level 1 in Fighting
 11215 | D:9      | Found a sparkling altar of Nemelex Xobeh.
 11216 | D:9      | Found a shattered altar of Ashenzari.
 12000 | D:10     | Entered Level 10 of the Dungeon
 12026 | D:10     | Noticed Psyche
 12035 | D:10     | Killed Psyche
 12035 | D:10     | Reached XP level 11. HP: 57/57 MP: 8/25
 12361 | D:10     | Noticed Urug
 12370 | D:10     | Killed Urug
 12612 | D:10     | Noticed a two-headed ogre
 12615 | D:10     | Noticed Erica
 12620 | D:10     | Killed a two-headed ogre
 12634 | D:10     | Killed Erica
 12776 | D:10     | Identified the +2 mace "Xeafru" {crush, *Drain Dex+4 Stlth+} (You found it on level 8 of the Dungeon)
 12806 | D:10     | Noticed Grum
 12989 | D:9      | Killed Grum
 13217 | D:10     | Offered knowledge of Searing Ray by Vehumet.
 13738 | D:11     | Reached *** piety under Vehumet
 14062 | D:11     | Found a staircase to the Lair.
 14316 | D:11     | Offered knowledge of Inner Flame by Vehumet.
 14346 | D:11     | Reached skill level 5 in Ice Magic
 14856 | D:11     | Reached **** piety under Vehumet
 14883 | D:11     | Offered knowledge of Sticky Flame by Vehumet.
 14892 | D:11     | Learned a level 4 spell: Sticky Flame
 15278 | D:11     | You fall through a shaft!
 15284 | D:12     | Reached skill level 1 in Evocations
 15335 | D:12     | Noticed a red ugly thing
 15341 | D:12     | Killed a red ugly thing
 15341 | D:12     | Reached XP level 12. HP: 66/66 MP: 1/27
 15826 | D:11     | Found a runed door.
 15893 | D:11     | Noticed an ogre mage
 15917 | D:11     | Killed an ogre mage
 16037 | D:11     | Reached skill level 5 in Fighting
 16058 | D:11     | Found a runed door.
 16058 | D:11     | Noticed a tengu warrior
 16224 | D:11     | Reached ***** piety under Vehumet
 16300 | D:11     | Offered knowledge of Iron Shot by Vehumet.
 16676 | D:11     | Reached skill level 5 in Armour
 16688 | D:11     | Noticed an ogre mage
 16696 | D:11     | Killed an ogre mage
 16960 | Lair:1   | Entered Level 1 of the Lair of Beasts
 17230 | Lair:1   | Noticed a five-headed hydra
 17235 | Lair:1   | Killed a five-headed hydra
 17317 | Lair:1   | Noticed a seven-headed hydra
 17323 | Lair:1   | Killed a seven-headed hydra
 17323 | Lair:1   | Reached skill level 5 in Fire Magic
 17560 | Lair:1   | Reached skill level 5 in Evocations
 18816 | Lair:2   | Found a hole to the Spider Nest.
 19278 | Lair:2   | Reached XP level 13. HP: 69/74 MP: 5/28
 19547 | Lair:2   | Learned a level 6 spell: Iron Shot
 19586 | Lair:2   | Offered knowledge of Conjure Ball Lightning by Vehumet.
 20516 | Lair:2   | Reached skill level 10 in Dodging
 20577 | Lair:2   | Reached skill level 1 in Earth Magic
 21218 | Lair:3   | Found a staircase to the Shoals.
 23078 | Lair:3   | Reached skill level 10 in Spellcasting
 24623 | Lair:5   | Reached XP level 14. HP: 82/82 MP: 3/30
 24947 | Lair:6   | Entered Level 6 of the Lair of Beasts
 25287 | Lair:6   | Noticed Kirke
 25289 | Lair:6   | Noticed a sphinx
 25313 | Lair:5   | Reached skill level 5 in Earth Magic
 25434 | Lair:5   | Killed Kirke
 25552 | Lair:6   | Reached skill level 10 in Evocations
 25697 | Lair:6   | Paralysed by a hornet for 1 turns
 25945 | Lair:6   | Found a staircase to the Slime Pits.
 25948 | Lair:6   | Found a viscous altar of Jiyva.
 27600 | Lair:6   | Offered knowledge of Irradiate by Vehumet.
 27605 | Lair:6   | Noticed an azure jelly
 27775 | Lair:6   | Learned a level 5 spell: Irradiate
 27866 | Lair:6   | HP: 4/83 [azure jelly (35)]
 27866 | Lair:6   | Slain by an azure jelly

Vault maps used:
D:1:      dpeg_arrival_tiny_a, minmay_small_reverse_x
D:2:      serial_corexii_hall, corexii_hall_statues_i, corexii_hall_statues_l,
          due_unseen_surprise
D:3:      st_stairs_14
D:4:      nicolae_overflow_hidden_temple, nicolae_gozag_seed_capital,
          uniq_eustachio, uniq_robin
D:5:      minmay_temple_entry_junction, first_bread
D:6:      serial_shops, shop_statue, kennysheep_generic_room_10
D:7:      slow_altar_1
D:8:      makhleb_grotto_becter, minmay_hollow_rounded_squares
D:9:      kennysheep_steamy, gammafunk_temple_overflow_statue,
          nicolae_water_bricks, grunt_livestock
D:10:     uniq_grum, uniq_erica, uniq_psyche, uniq_urug
D:11:     minmay_the_grid_triangle_9x9_recursive_3_mashed,
          minmay_lair_entry_grove
D:12:     minmay_bloctagon_deflated, orc_0_dummy
Temple:   eino_temple_rhombus
Lair:1:   statuecave_lemuel, nicolae_quartered_pool_medium
Lair:2:   regret_index_harrowing_hell_hive, nicolae_spider_entry_non_spiders
Lair:3:   minmay_shoals_entry_centaurs, grunt_megastairs_4
Lair:4:   lemuel_fruit_tree
Lair:5:   serial_bayou_shore_a
Lair:6:   gammafunk_lair_ancient_temple, slime_altar_1, guppyfry_lair_drakes,
          uniq_kirke

Skill      XL: |  1  2  3  4  5  6  7  8  9 10 11 12 13 14 |
---------------+-------------------------------------------+-----
Conjurations   | 2 3 4 5 6 7 8 9 |  9.0
Stealth        | 3 4 5 |  5.0
Short Blades   | 1 2 4 5 8 10 11 | 11.0
Spellcasting   | 5 6 8 9 10 11 | 11.1
Translocations | 2 3 4 |  4.0
Dodging        | 3 5 6 7 9 10 | 10.0
Armour         | 2 4 5 |  5.0
Air Magic      | 1 2 3 |  3.0
Fire Magic     | 2 3 4 5 |  5.0
Ice Magic      | 3 5 7 8 |  8.0
Fighting       | 2 4 6 7 |  7.6
Evocations     | 1 6 9 10 | 10.8
Earth Magic    | 4 7 |  7.8
Summonings     | |  1.1

Action                   |  1- 3 |  4- 6 |  7- 9 | 10-12 | 13-15 || total
-------------------------+-------+-------+-------+-------+-------++-------
Melee: Dagger            |     2 |       |       |       |       ||     2
       Short sword       |       |     5 |     2 |       |       ||     7
       Quick blade       |       |       |    34 |   405 |   446 ||   885
 Cast: Magic Dart        |    97 |   138 |   469 |   200 |       ||   904
       Mephitic Cloud    |       |     7 |    16 |    20 |       ||    43
       Conjure Flame     |       |     2 |    15 |     6 |       ||    23
       Blink             |       |     1 |     5 |     6 |     5 ||    17
       Throw Icicle      |       |       |       |   328 |   390 ||   718
       Iron Shot         |       |       |       |       |    21 ||    21
       Irradiate         |       |       |       |       |     2 ||     2
Evoke: Crystal ball of e |       |       |       |       |    22 ||    22
  Use: Scroll            |     6 |     3 |    10 |    19 |     7 ||    45
       Potion            |       |       |     1 |     2 |       ||     3
 Stab: Confused          |       |     1 |     2 |     2 |       ||     5
       Sleeping          |       |       |       |     1 |       ||     1
  Eat: Chunk             |     1 |     6 |    18 |    31 |    29 ||    85
       Fruit             |       |     1 |       |       |       ||     1
       Bread ration      |       |       |       |     2 |     1 ||     3
Armor: Robe              |     8 |     1 |    27 |    10 |       ||    46
       Steam dragon scal |       |       |       |    87 |    96 ||   183
Dodge: Dodged            |    19 |     9 |    85 |   266 |   316 ||   695
